 Dungeon Crawl Stone Soup version 0.18-a0-1789-gbeff17f (webtiles) character file.

205966 nubinia the Eclecticist (level 18, 61/104 HPs)
             Began as a High Elf Fire Elementalist on Apr 17, 2016.
             Was the Champion of Sif Muna.
             Drowned
             ... on level 2 of the Spider Nest on Apr 21, 2016.
             The game lasted 07:55:32 (44021 turns).

nubinia the Eclecticist (HEFE)                     Turns: 44021, Time: 07:55:33

Health: 61/104     AC: 18    Str: 13    XL:     18   Next: 5%
Magic:  42/46      EV: 22    Int: 27    God:    Sif Muna [******]
Gold:   912        SH:  7    Dex: 28    Spells: 16 memorised, 2 levels left

rFire  + . .     SeeInvis .     b - +1 shortbow of the End of Times {venom, rElec rF+}
rCold  + . .     Gourm    .     E - +1 leather armour {rPois}
rNeg   . . .     Faith    .     (shield currently unavailable)
rPois  +         Spirit   .     r - +2 hat {MR+}
rElec  +         Dismiss  .     y - +2 cloak
rCorr  .         Reflect  +     I - +2 pair of gloves
SustAt .         Harm     .     w - +2 pair of boots
MR     ++...                    k - +5 amulet of reflection
Stlth  +++.......               X - ring of Vutropy {rC+ Str+4 Dex+6}
                                s - ring of magical power

@: about to teleport, delayed fireball, deflect missiles, very resistant to
hostile enchantments, fairly stealthy
A: claws 1, large bone plates 1, thin skeletal structure 1, clever 1, low mp 1,
strong 1
a: Channel Energy, Forget Spell, Renounce Religion, Release Delayed Fireball
}: 1/15 runes: barnacled


You were on level 2 of the Spider Nest.
You worshipped Sif Muna.
Sif Muna was exalted by your worship.
You were not hungry.

You visited 6 branches of the dungeon, and saw 31 of its levels.

You collected 2448 gold pieces.
You spent 1536 gold pieces at shops.

Inventory:

Hand Weapons
 a - a +6 dagger of protection
 b - the +1 shortbow of the End of Times (weapon) {venom, rElec rF+}
   (You found it on level 8 of the Lair of Beasts)

   It poisons the ammo it fires.
   It protects you from fire.
   It insulates you from electricity.
 e - the +7 flail of Woe {freeze, +Blink rN+++ MP-9 Stlth+}
   (You found it on level 6 of the Dungeon)

   It has been specially enchanted to freeze those struck by it, causing extra
   injury to most foes and up to half again as much damage against particularly
   susceptible opponents.
   It can also slow down cold-blooded creatures.
   It renders you almost immune to negative energy.
   It affects your magic capacity (-9).
   It lets you blink.
   It makes you more stealthy.
 z - the +1 trident of Responsibility {venom, *Corrode +Blink rC++ rN+}
   (You found it on level 4 of the Shoals)

   It poisons the flesh of those it strikes.
   It greatly protects you from cold.
   It protects you from negative energy.
   It lets you blink.
   It may corrode you when you take damage.
 S - the +5 long sword "Kuopp" {drain, MR+ SInv}
   (You found it on level 4 of the Lair of Beasts)

   A truly terrible weapon, it drains the life of those it strikes.
   It affects your resistance to hostile enchantments.
   It lets you see invisible.
 V - the +1 rapier of Conflict {holy, rF++ MR+ Int+4}
   (You found it on level 1 of the Shoals)

   It has been blessed by the Shining One to cause great damage to the undead
   and demons.
   It affects your intelligence (+4).
   It greatly protects you from fire.
   It affects your resistance to hostile enchantments.
Missiles
 J - 416 arrows (quivered)
 Y - 10 arrows of dispersal
Armour
 r - a +2 hat of magic resistance (worn)
 w - a +2 pair of boots (worn)
 y - a +2 cloak (worn)
 E - a +1 leather armour of poison resistance (worn)
 I - a +2 pair of gloves (worn)
Jewellery
 f - the ring "Vojymiw" {rN+ Str-3 Int+7 SInv}
   (You took it off a frost giant on level 3 of the Shoals)

   [ring of positive energy]

   It affects your strength (-3).
   It affects your intelligence (+7).
   It protects you from negative energy.
   It lets you see invisible.
 k - a +5 amulet of reflection (around neck)
 s - a ring of magical power (left hand)
 C - an uncursed ring of positive energy
 D - an uncursed ring of wizardry
 H - an uncursed ring of protection from fire
 P - a +4 ring of protection
 X - the ring of Vutropy (right hand) {rC+ Str+4 Dex+6}
   (You bought it in a shop on level 5 of the Dungeon)

   [ring of strength]

   It affects your strength (+4).
   It affects your dexterity (+6).
   It protects you from cold.
Wands
 i - a wand of iceblast (12/15)
 x - a wand of acid (8/15)
Scrolls
 m - 7 scrolls of fog
 p - 3 scrolls of magic mapping
 q - 3 scrolls of recharging
 B - 2 scrolls of teleportation
 G - 2 scrolls of blinking
 K - 3 scrolls of remove curse
 U - 2 scrolls of identify
 Z - a scroll of summoning
Potions
 d - a potion of brilliance
 l - 2 potions of agility
 n - 2 potions of curing
 o - a potion of ambrosia
 t - 2 potions of magic
 u - 6 potions of heal wounds
 F - a potion of cancellation
 O - 4 potions of haste
Miscellaneous
 c - a phantom mirror
 N - a lamp of fire
Comestibles
 g - 7 chunks of flesh
 A - 36 fruits


   Skills:
 + Level 3.3 Fighting
 + Level 3.3 Short Blades
 + Level 14.9 Bows
 + Level 3.8 Armour
 + Level 9.0 Dodging
 + Level 8.3 Stealth
   Level 2.2 Shields
 + Level 18.0 Spellcasting
 + Level 13.9 Conjurations
 + Level 11.1 Charms
 + Level 5.3 Summonings
 + Level 3.5 Translocations
 + Level 10.6 Fire Magic
   Level 0.4 Ice Magic
 + Level 12.6 Air Magic
 - Level 1.1 Poison Magic
 - Level 6.1 Invocations
 + Level 1.5 Evocations


You had 2 spell levels left.
You knew the following spells:

 Your Spells              Type           Power        Failure   Level  Hunger
a - Flame Tongue          Conj/Fire      #####        0%          1    None
b - Throw Flame           Conj/Fire      ######       1%          2    None
c - Mephitic Cloud        Conj/Pois/Air  ######..     1%          3    None
d - Sticky Flame          Conj/Fire      ######..     1%          4    None
e - Iskenderun's Mystic   Conj           #######.     1%          4    None
f - Fireball              Conj/Fire      ######....   1%          5    None
g - Shroud of Golubria    Chrm/Tloc      ######....   1%          2    None
h - Summon Lightning Spi  Summ/Air       ######..     1%          4    None
i - Iskenderun's Battles  Conj/Chrm      #######.     1%          5    None
j - Delayed Fireball      Conj/Fire      N/A          14%         7    #####..
k - Apportation           Tloc           #####.....   1%          1    None
r - Deflect Missiles      Chrm/Air       ######....   3%          6    ###....
A - Airstrike             Air            #######...   1%          4    None
B - Blink                 Tloc           N/A          1%          2    None
C - Conjure Flame         Conj/Fire      ######..     1%          3    None
R - Regeneration          Chrm/Necr      ######....   1%          3    None


Dungeon Overview and Level Annotations

Branches:
Dungeon (11/15)            Temple (0/1) D:6            Lair (8/8) D:10
 Shoals (4/4) Lair:4       Spider (3/4) Lair:4        Slime (0/6) Lair:6
    Orc (2/2) D:11            Elf (3/3) Orc:2

Altars:
Dithmenos
Fedhas
Nemelex Xobeh
Pakellas
Sif Muna
Trog
Vehumet
Beogh
Jiyva

Shops:
D:4 !   D:5 =?[   D:7 :   Orc:2 [=}*   Elf:2 *===

Annotations:
Lair:6 1 runed door
Lair:8 1 runed door
Shoals:4 Mara
Spider:2 Kirke


Innate Abilities, Weirdness & Mutations

You have sharp fingernails.
You are partially covered in large bone plates (AC +2, SH +2).
You have a somewhat thin skeletal structure (Dex +2, Stealth).
Your mind is acute. (Int +2)
Your magical capacity is low (-10% MP).
Your muscles are strong. (Str +2)


Message History

Press: ? - help, Shift-Dir - straight line, f/p - lindwurm
Aim: a lindwurm (severely wounded, poisoned, summoned)
You shoot an arrow. The arrow hits the lindwurm!
The lindwurm is almost dead.
Firing (i - inventory. (,) - cycle):
J - 417 arrows (quivered)
Press: ? - help, Shift-Dir - straight line, f/p - lindwurm
Aim: a lindwurm (almost dead, poisoned, summoned)
You shoot an arrow. The arrow hits the lindwurm.
You kill the lindwurm!
The lindwurm's corpse disappears in a puff of smoke!
Careful!
You are starting to lose your buoyancy.
Drink which item? (? for menu, Esc to quit)
Okay, then.
Read which item? (? for menu, Esc to quit)
As you read the scroll of teleportation, it crumbles to dust.
You feel strangely unstable.
You float gracefully downwards.
You fall into the water!
You sink like a stone!
You drown...
You die...

≈≈ #####..#≈#
≈≈#≈##....≈##
≈#≈≈#.#.##.#.
≈≈#.##...#.#..
≈##...#....... ##
≈≈≈##...##...#.
#≈##≈≈####.#...##..
#≈≈≈≈#≈≈####...##..
#≈@#≈≈#≈###...#####
#≈≈≈#≈≈≈≈≈##...##
##≈#≈≈≈#≈≈#≈#...##
#≈≈≈≈≈#≈#≈≈≈≈##..#
##≈###≈≈≈≈≈###...#
#≈≈≈≈#≈#≈###....##
#≈#≈≈≈≈≈≈#k(#h.##
##≈≈≈≈≈≈≈≈#...#####
###≈###≈≈##.>..#.#


There were no monsters in sight!

Vanquished Creatures
  A deep elf blademaster (Elf:2)
  Gastronok (D:11)
  Ilsuiw (Shoals:4)
  2 emperor scorpions
  A frost giant (Shoals:3)
  2 orc warlords (Orc:2)
  A stone giant (Shoals:3)
  A deep elf demonologist (Elf:1)
  Azrael (Spider:2)
  A deep elf annihilator (Elf:1)
  17 merfolk impalers
  6 merfolk javelineers
  4 hydras
  2 entropy weavers
  A catoblepas (Lair:7)
  Erolcha (D:8)
  Erica (Lair:1)
  An alligator snapping turtle (Shoals:4)
  3 merfolk avatars
  8 merfolk aquamancers
  3 death yaks
  16 dancing weapons
  A satyr (Shoals:3)
  Nergalle (Lair:4)
  5 orc high priests (Orc:2)
  7 deep elf knights
  12 sea snakes
  An orange crystal statue (Elf:1)
  7 deep elf archers (Elf:2)
  A hill giant (D:9)
  Pikel (D:5)
  2 lindwurms (Lair:8)
  A necromancer (D:10)
  5 orb spiders
  6 harpies
  3 orc knights (Orc:2)
  4 orc sorcerers
  11 griffons
  5 cyclopes
  37 deep elf magi
  11 wolf spiders
  A moth of wrath (Spider:1)
  9 manticores
  7 fauns
  2 centaur zombies (D:11)
  4 sirens
  Psyche (D:10)
  3 black mambas
  9 elephants
  Joseph (D:8)
  7 water nymphs
  6 torpor snails
  9 spiny frogs
  5 demonic crawlers
  33 merfolk
  5 trolls
  13 jumping spiders
  2 wind drakes
  The ghost of Lovchig the Ducker, an amateur DsGl of Nemelex Xobeh (D:4)
  Prince Ribbit (D:7)
  3 giant leeches (Lair:8)
  Grinder (D:4)
  5 two-headed ogres
  A boulder beetle (Spider:1)
  A slime creature (D:9)
  5 snapping turtles
  6 blink frogs
  14 tarantellas
  15 water elementals
  33 redbacks
  2 wraiths (Lair:4)
  4 fire elementals
  A tarantella (shapeshifter) (Elf:1)
  A golden eye (shapeshifter) (Elf:1)
  A wyvern (Lair:8)
  A basilisk (Lair:7)
  2 hungry ghosts
  33 yaks
  4 vampire mosquitoes (D:8)
  7 hippogriffs
  2 wargs
  A soldier ant (D:11)
  13 water moccasins
  3 hell hounds (Spider:2)
  9 porcupines
  3 ice beasts
  29 orc warriors
  3 sky beasts
  4 black bears
  5 wasps
  21 ogres
  A swamp drake (Lair:8)
  2 phantoms
  7 centaurs
  12 crocodiles
  3 big kobolds
  16 giant frogs
  2 gnoll sergeants (D:11)
  An earth elemental (Elf:3)
  2 scorpions (D:8)
  19 killer bees
  2 wights (D:11)
  2 crimson imps
  4 quasits
  A giant frog zombie (D:11)
  28 orc priests
  14 hounds
  9 jellies
  A giant frog skeleton (D:11)
  2 centaur skeletons
  20 orc wizards
  16 iguanas
  9 worker ants
  6 yak simulacra (D:10)
  3 wolf simulacra (D:10)
  A killer bee zombie (D:11)
  14 sheep
  A hound zombie (D:5)
  A hound skeleton (D:5)
  A worker ant zombie (D:9)
  A howler monkey zombie (D:8)
  9 adders
  A gnoll (D:11)
  14 river rats
  A shadow imp (D:6)
  18 oozes
  An adder skeleton (D:5)
  17 worms
  6 giant geckos
  88 orcs
  10 giant cockroaches
  8 goblins
  6 hobgoblins
  4 jackals
  3 quokkas
  2 ball pythons
  A ball python skeleton (D:4)
  4 bats
  6 giant newts
  8 kobolds
  A quokka skeleton (D:9)
  6 rats
  2 river rat simulacra (D:10)
965 creatures vanquished.

Vanquished Creatures (collateral kills)
  A titan (Shoals:3)
  A frost giant (Shoals:3)
  A deep elf demonologist (Elf:1)
  A merfolk javelineer (Shoals:4)
  Josephine (Lair:4)
  2 merfolk impalers (Shoals:4)
  2 hydras
  A catoblepas (Shoals:2)
  An alligator snapping turtle (Shoals:3)
  2 merfolk aquamancers
  A merfolk avatar (Shoals:2)
  A death yak (Lair:7)
  4 deep elf knights
  2 sea snakes
  A harpy (Shoals:3)
  5 deep elf archers
  2 orc sorcerers (Orc:2)
  2 orc knights (Orc:2)
  2 manticores
  A griffon (Lair:8)
  2 cyclopes
  2 fauns (Shoals:1)
  12 deep elf magi
  13 elephants (Lair:6)
  3 black mambas
  2 sirens (Shoals:4)
  4 torpor snails
  5 spiny frogs
  3 rime drakes
  A kobold demonologist (D:11)
  A troll (Orc:2)
  7 merfolk
  3 jumping spiders (Spider:1)
  2 giant leeches (Lair:8)
  A polar bear (Lair:7)
  A snapping turtle (Shoals:4)
  3 blink frogs (Lair:5)
  6 redbacks
  A tarantella (Spider:1)
  A fire elemental (Elf:1)
  5 wyverns (Lair:5)
  20 yaks
  A hippogriff (Lair:6)
  3 wraiths (Lair:4)
  A steam dragon (Lair:8)
  A mottled dragon (Lair:8)
  A warg (Orc:2)
  4 water moccasins
  A porcupine (Lair:7)
  18 orc warriors
  A swamp drake (Lair:8)
  An ogre (Orc:2)
  A centaur (Shoals:4)
  2 crocodiles (Lair:7)
  3 big kobolds (D:11)
  2 giant frogs
  A scorpion (D:11)
  3 killer bees
  2 wights (D:11)
  7 orc priests (Orc:2)
  3 orc wizards
  A worker ant (D:11)
  16 sheep
  3 gnolls (D:11)
  12 river rats
  4 worms (Lair:8)
  20 orcs
  2 fungi (Lair:6)
  2 plants
248 creatures vanquished.

Vanquished Creatures (others)
  Polyphemus (Shoals:2)
  A deep elf archer (Elf:1)
  A water nymph (Shoals:3)
  A merfolk (Shoals:4)
  A redback (Spider:1)
  4 yaks (D:11)
  An orc warrior (Orc:2)
  A hound (D:11)
  A shadow imp (D:5)
  48 fungi
  34 plants
94 creatures vanquished.

Grand Total: 1307 creatures vanquished

Notes
Turn   | Place    | Note
--------------------------------------------------------------
     0 | D:1      | nubinia the High Elf Fire Elementalist began the quest for the Orb.
     0 | D:1      | Reached XP level 1. HP: 11/11 MP: 4/4
    97 | D:1      | Reached XP level 2. HP: 12/17 MP: 0/6
   196 | D:1      | Learned a level 2 spell: Throw Flame
   868 | D:1      | Reached XP level 3. HP: 21/21 MP: 4/8
  1220 | D:2      | Found a sparkling altar of Nemelex Xobeh.
  1225 | D:2      | Reached skill level 3 in Spellcasting
  1382 | D:2      | Reached XP level 4. HP: 27/27 MP: 6/9
  1412 | D:2      | Learned a level 3 spell: Conjure Flame
  2292 | D:3      | Found a bloodstained altar of Trog.
  2311 | D:3      | Noticed an ogre
  2350 | D:3      | Killed an ogre
  2350 | D:3      | Reached XP level 5. HP: 32/32 MP: 0/11
  2559 | D:4      | Noticed Lovchig's ghost (amateur DsGl)
  2656 | D:4      | Found a radiant altar of Vehumet.
  2658 | D:4      | Found a deep blue altar of Sif Muna.
  2658 | D:4      | Found a shadowy altar of Dithmenos.
  2666 | D:4      | Became a worshipper of Sif Muna the Loreminder
  2822 | D:4      | Found Weplienn's Distillery.
  2831 | D:4      | Bought a potion of mutation for 25 gold pieces
  2847 | D:4      | Reached skill level 4 in Spellcasting
  2847 | D:4      | Reached XP level 6. HP: 37/37 MP: 3/13
  2925 | D:4      | Learned a level 4 spell: Sticky Flame
  3024 | D:4      | Noticed Grinder
  3502 | D:5      | Entered Level 5 of the Dungeon
  3585 | D:5      | Found Bajan's Armour Emporium.
  3587 | D:5      | Bought a +0 pair of boots for 58 gold pieces
  3780 | D:5      | Noticed a slave
  3780 | D:5      | Noticed a slave
  4004 | D:5      | Found Uweku's Magic Scroll Shoppe.
  4314 | D:5      | Found Foseroo's Jewellery Emporium.
  4796 | D:5      | Found an oddly glowing altar of Pakellas.
  4871 | D:4      | Killed Grinder
  4871 | D:4      | Reached * piety under Sif Muna
  4871 | D:4      | Reached skill level 1 in Fighting
  4871 | D:4      | Reached skill level 5 in Spellcasting
  4871 | D:4      | Reached XP level 7. HP: 33/43 MP: 3/15
  5340 | D:5      | Noticed Pikel
  5420 | D:5      | Killed Pikel
  5420 | D:5      | Reached ** piety under Sif Muna
  5420 | D:5      | Reached skill level 6 in Spellcasting
  5420 | D:5      | Reached skill level 5 in Conjurations
  5420 | D:5      | Reached skill level 5 in Fire Magic
  5420 | D:5      | Reached skill level 1 in Invocations
  5420 | D:5      | Reached XP level 8. HP: 38/48 MP: 1/18
  5692 | D:6      | Got an iridescent flail
  5693 | D:6      | Identified the +7 flail of Woe {freeze, +Blink rN+++ MP-9 Stlth+} (You found it on level 6 of the Dungeon)
  6028 | D:6      | Reached skill level 7 in Spellcasting
  6181 | D:6      | Found a staircase to the Ecumenical Temple.
  6518 | D:6      | Reached skill level 8 in Spellcasting
  6650 | D:6      | Learned a level 4 spell: Iskenderun's Mystic Blast
  6809 | D:7      | Noticed Prince Ribbit
  6819 | D:7      | Killed Prince Ribbit
  6819 | D:7      | Reached *** piety under Sif Muna
  6819 | D:7      | Reached XP level 9. HP: 40/53 MP: 13/22
  6961 | D:7      | Found Ibed's Book Shoppe.
  7062 | D:7      | Noticed a hill giant
  7202 | D:7      | Reached skill level 1 in Short Blades
  7362 | D:7      | Learned a level 3 spell: Mephitic Cloud
  7365 | D:7      | Learned a level 2 spell: Repel Missiles
  7369 | D:7      | Learned a level 2 spell: Blink
  7830 | D:8      | Found a blossoming altar of Fedhas.
  7835 | D:8      | Reached skill level 1 in Air Magic
  7896 | D:8      | Noticed Erolcha
  7948 | D:8      | Noticed Joseph
  7983 | D:8      | Killed Joseph
  7983 | D:8      | Reached **** piety under Sif Muna
  7983 | D:8      | Reached skill level 9 in Spellcasting
  8300 | D:8      | Reached XP level 10. HP: 59/59 MP: 5/24
  8510 | D:8      | Reached ***** piety under Sif Muna
  8834 | D:8      | Killed Erolcha
  8834 | D:8      | Reached skill level 10 in Spellcasting
  9048 | D:9      | Killed a hill giant
  9665 | D:9      | Reached skill level 5 in Invocations
 10072 | D:10     | Entered Level 10 of the Dungeon
 10133 | D:10     | Noticed a necromancer
 10137 | D:10     | Reached skill level 1 in Poison Magic
 10176 | D:10     | Killed a necromancer
 10176 | D:10     | Reached ****** piety under Sif Muna
 10176 | D:10     | Received a gift from Sif Muna
 10176 | D:10     | Reached skill level 5 in Stealth
 10176 | D:10     | Reached skill level 11 in Spellcasting
 10176 | D:10     | Reached skill level 5 in Air Magic
 10176 | D:10     | Reached XP level 11. HP: 40/63 MP: 11/27
 10542 | D:10     | Noticed Psyche
 10978 | D:10     | Killed Psyche
 11011 | D:10     | Reached skill level 5 in Dodging
 11202 | D:10     | Found a staircase to the Lair.
 11451 | Lair:1   | Entered Level 1 of the Lair of Beasts
 11485 | Lair:1   | Learned a level 5 spell: Fireball
 11493 | Lair:1   | Reached skill level 10 in Conjurations
 11587 | Lair:1   | Identified a +0 rod of shadows (12/12) (You found it on level 1 of the Lair of Beasts)
 11636 | Lair:1   | Gained mutation: You have a somewhat thin skeletal structure (Dex +2, Stealth). [potion of mutation]
 11636 | Lair:1   | Gained mutation: You have sharp fingernails. [potion of mutation]
 11636 | Lair:1   | Gained mutation: You have a pair of small horns on your head. [potion of mutation]
 11637 | Lair:1   | Gained mutation: Your magical capacity is low (-10% MP). [potion of mutation]
 11637 | Lair:1   | Gained mutation: You are partially covered in large bone plates (AC +2, SH +2). [potion of mutation]
 11637 | Lair:1   | Lost mutation: You have a pair of small horns on your head. [potion of mutation]
 11927 | Lair:1   | Noticed Erica
 11944 | Lair:1   | Killed Erica
 11944 | Lair:1   | Reached skill level 12 in Spellcasting
 12182 | Lair:1   | Upgraded the game from 0.18-a0-1782-gb76a692 to 0.18-a0-1784-ga939a68
 12382 | Lair:1   | Received a gift from Sif Muna
 12389 | Lair:1   | Learned a level 4 spell: Airstrike
 12394 | Lair:1   | Learned a level 4 spell: Summon Lightning Spire
 13437 | D:4      | Killed Lovchig's ghost
 13676 | Lair:2   | Identified a scroll of acquirement
 13677 | Lair:2   | Got a slimy shield
 13688 | Lair:2   | Identified the +0 shield of Zecan {rF+ Int+2} (You acquired it on level 2 of the Lair of Beasts)
 13722 | Lair:2   | Reached skill level 1 in Shields
 13926 | Lair:2   | Reached XP level 12. HP: 70/70 MP: 19/26
 14091 | D:5      | Bought the ring of Vutropy {rC+ Str+4 Dex+6} for 643 gold pieces
 14631 | Lair:3   | Reached skill level 1 in Summonings
 14656 | Lair:3   | Learned a level 1 spell: Apportation
 14841 | Lair:3   | Reached skill level 1 in Evocations
 15188 | Lair:4   | Found a staircase to the Shoals.
 15286 | Lair:4   | Noticed Nergalle
 15339 | Lair:4   | Got a brightly glowing long sword
 15340 | Lair:4   | Identified the +5 long sword "Kuopp" {drain, MR+ SInv} (You found it on level 4 of the Lair of Beasts)
 15356 | Lair:4   | Noticed a six-headed hydra
 15364 | Lair:4   | Killed a six-headed hydra
 15506 | Lair:4   | Found a hole to the Spider Nest.
 15524 | Lair:4   | Reached skill level 1 in Translocations
 15863 | Lair:4   | Noticed Josephine
 15867 | Lair:4   | Killed Josephine
 15867 | Lair:4   | Received a gift from Sif Muna
 15993 | Lair:4   | Identified Sif Muna's Grimoire of Damaging Hexes (Sif Muna gifted it to you on level 4 of the Lair of Beasts)
 16318 | Lair:4   | Killed Nergalle
 16318 | Lair:4   | Reached skill level 13 in Spellcasting
 16964 | Lair:5   | Noticed a five-headed hydra
 16972 | Lair:5   | Killed a five-headed hydra
 17312 | Lair:6   | Found a runed door.
 17313 | Lair:6   | Found a viscous altar of Jiyva.
 17314 | Lair:6   | Noticed an azure jelly
 17315 | Lair:6   | Found a staircase to the Slime Pits.
 17315 | Lair:6   | Noticed an azure jelly
 17555 | Lair:6   | Reached XP level 13. HP: 69/74 MP: 8/28
 17615 | Lair:6   | Received a gift from Sif Muna
 17616 | Lair:6   | Identified Sif Muna's Compendium of Creation and Snow (Sif Muna gifted it to you on level 6 of the Lair of Beasts)
 17621 | Lair:6   | Learned a level 3 spell: Ozocubu's Armour
 17660 | Lair:6   | Reached skill level 1 in Charms
 18417 | Lair:6   | Reached skill level 5 in Charms
 19523 | Lair:7   | Received a gift from Sif Muna
 20201 | Lair:8   | Entered Level 8 of the Lair of Beasts
 20358 | Lair:8   | Reached skill level 10 in Charms
 20411 | Lair:8   | Got a steaming shortbow
 20412 | Lair:8   | Identified the cursed +1 shortbow of the End of Times {venom, rElec rF+} (You found it on level 8 of the Lair of Beasts)
 21210 | Lair:8   | Found a runed door.
 21370 | Lair:8   | Reached skill level 1 in Bows
 22049 | Lair:8   | Reached skill level 14 in Spellcasting
 22087 | Lair:8   | Reached XP level 14. HP: 80/80 MP: 16/29
 23117 | D:11     | Reached skill level 5 in Bows
 23161 | D:11     | Noticed Gastronok
 23181 | D:11     | Killed Gastronok
 23397 | D:11     | Found a staircase to the Orcish Mines.
 24086 | Orc:1    | Entered Level 1 of the Orcish Mines
 24177 | Orc:2    | Entered Level 2 of the Orcish Mines
 24663 | Orc:2    | Found a roughly hewn altar of Beogh.
 24791 | Orc:2    | Found Jafio's Jewellery Emporium.
 24828 | Orc:2    | Found Suimok's Antique Armour Shoppe.
 24972 | Orc:2    | Bought an encrusted mottled dragon armour for 810 gold pieces
 24972 | Orc:2    | Identified the +2 mottled dragon armour of the Forest {Slay+2} (You bought it in a shop on level 2 of the Orcish Mines)
 24994 | Orc:2    | Noticed an orc warlord
 25022 | Orc:2    | Killed an orc warlord
 25022 | Orc:2    | Reached skill level 10 in Air Magic
 25473 | Orc:2    | Noticed an orc warlord
 25574 | Orc:2    | Killed an orc warlord
 25787 | Orc:2    | Found a roughly hewn altar of Beogh.
 25841 | Orc:2    | Found Dazobox's Gadget Emporium.
 26047 | Orc:2    | Found Voginneu's General Store.
 26330 | Orc:2    | Found a staircase to the Elven Halls.
 26507 | Orc:2    | Reached skill level 10 in Bows
 27519 | Elf:1    | Entered Level 1 of the Elven Halls
 28136 | Elf:1    | Learned a level 6 spell: Deflect Missiles
 28295 | Elf:1    | Reached skill level 1 in Armour
 28362 | Elf:1    | Reached XP level 15. HP: 57/85 MP: 9/31
 28395 | Elf:1    | Noticed a Brimstone Fiend
 28830 | Elf:1    | Identified the Reference Book on the Escort
 29274 | Elf:1    | Reached skill level 15 in Spellcasting
 29727 | Elf:1    | Received a gift from Sif Muna
 29728 | Elf:1    | Identified Sif Muna's Guide on Assistive Air (Sif Muna gifted it to you on level 1 of the Elven Halls)
 29735 | Elf:1    | Learned a level 5 spell: Iskenderun's Battlesphere
 30111 | Elf:2    | Found Aleigi's Jewellery Emporium.
 30187 | Elf:2    | Found Ginetuebb's Jewellery Boutique.
 30271 | Elf:2    | Found Volaw's General Store.
 30528 | Elf:2    | Found Guisan's Jewellery Boutique.
 30729 | Elf:2    | Found a runed gate.
 30729 | Elf:2    | Found a runed gate.
 30731 | Elf:2    | Found a runed gate.
 30891 | Elf:2    | Noticed a deep elf blademaster
 31154 | Elf:2    | Killed a deep elf blademaster
 31687 | Elf:3    | Entered Level 3 of the Elven Halls
 31883 | Elf:2    | Reached XP level 16. HP: 91/91 MP: 15/33
 32269 | Shoals:1 | Entered Level 1 of the Shoals
 32276 | Shoals:1 | Reached skill level 16 in Spellcasting
 32392 | Lair:4   | Upgraded the game from 0.18-a0-1784-ga939a68 to 0.18-a0-1788-g92de1ac
 32397 | Shoals:1 | Got a twisted rapier
 32398 | Shoals:1 | Identified the +1 rapier of Conflict {holy, rF++ MR+ Int+4} (You found it on level 1 of the Shoals)
 32944 | Shoals:1 | Received a gift from Sif Muna
 32945 | Shoals:1 | Identified Sif Muna's Handbook of the Whale (Sif Muna gifted it to you on level 1 of the Shoals)
 33030 | Shoals:1 | Gained mutation: Your muscles are strong. (Str +2) [potion of beneficial mutation]
 33031 | Shoals:1 | Gained mutation: Your mind is acute. (Int +2) [potion of beneficial mutation]
 33495 | Shoals:2 | Noticed Polyphemus
 34332 | Lair:1   | Learned a level 7 spell: Delayed Fireball
 35463 | Shoals:2 | Killed Polyphemus
 36263 | Shoals:3 | Received a gift from Sif Muna
 36264 | Shoals:3 | Identified Sif Muna's Catalogue of Burning Hexes (Sif Muna gifted it to you on level 3 of the Shoals)
 36456 | Shoals:3 | Reached skill level 17 in Spellcasting
 36515 | Shoals:4 | Entered Level 4 of the Shoals
 36585 | Shoals:4 | Noticed Ilsuiw
 36592 | Shoals:4 | Reached XP level 17. HP: 97/97 MP: 12/35
 36891 | Shoals:3 | Noticed a titan
 36902 | Shoals:3 | Killed a titan
 37057 | Shoals:4 | Reached skill level 10 in Fire Magic
 37060 | Shoals:4 | Reached skill level 5 in Summonings
 38050 | Shoals:4 | Upgraded the game from 0.18-a0-1788-g92de1ac to 0.18-a0-1789-gbeff17f
 38250 | Shoals:3 | Got a brightly glowing brass ring
 38252 | Shoals:3 | Identified the ring "Vojymiw" {rN+ Str-3 Int+7 SInv} (You took it off a frost giant on level 3 of the Shoals)
 38565 | Shoals:4 | Killed Ilsuiw
 39126 | Shoals:4 | Got a barnacled rune of Zot
 39233 | Shoals:4 | Got an ichor-stained trident
 39237 | Shoals:4 | Identified the +1 trident of Responsibility {venom, *Corrode +Blink rC++ rN+} (You found it on level 4 of the Shoals)
 39311 | Shoals:4 | Noticed Mara
 39648 | Shoals:4 | Got an ichor-stained scale mail
 39649 | Shoals:4 | Identified the cursed +0 scale mail of Depression {rElec Regen+ Int-2 Dex+6} (You took it off a merfolk javelineer on level 4 of the Shoals)
 39841 | Shoals:4 | Learned a level 2 spell: Shroud of Golubria
 39845 | Shoals:4 | Learned a level 3 spell: Regeneration
 40449 | Spider:1 | Entered Level 1 of the Spider Nest
 40888 | Spider:1 | Received a gift from Sif Muna
 42419 | Spider:2 | Noticed Azrael
 42426 | Spider:2 | Killed Azrael
 43600 | Spider:2 | Reached skill level 18 in Spellcasting
 43600 | Spider:2 | Reached XP level 18. HP: 85/104 MP: 37/37
 43915 | Spider:3 | Noticed Kirke
 44021 | Spider:2 | Drowned

Vault maps used:
D:1:      enne_arrival_octagon_isle
D:2:      nemelex_xobeh_ov_fountains_minmay, first_bread
D:3:      old_standard_altar
D:4:      grunt_temple_overflow_open, serial_shops, shop_statue, uniq_grinder
D:5:      kennysheep_mini_moat, serial_shops, shop, shop, kennysheep_little_box,
          uniq_pikel
D:6:      minmay_temple_entry_large_hall, feat_on_display
D:7:      serial_shops, shop, uniq_prince_ribbit1
D:8:      hangedman_tree_tricks, uniq_erolcha, uniq_joseph
D:9:      lemuel_slime, minivault_22
D:10:     david_lair_generic, eino_house_with_fridge, uniq_psyche
D:11:     lemuel_flame_loot_2, kennysheep_orc_monster_closet_entryway,
          serial_bayou_pond_a, uniq_gastronok
Lair:1:   grunt_megastairs_3, infiniplex_staircase_pool, serial_bayou_shore_a,
          uniq_erica
Lair:2:   grunt_megastairs_5
Lair:4:   shoals_dummy_entry, nicolae_spider_entry_tight_spaces,
          grunt_megastairs_4, serial_bayou_shore_b, uniq_josephine,
          uniq_nergalle
Lair:5:   beast_lair_carwin_8
Lair:6:   mu_elephants_graveyard, slime_altar_2
Lair:7:   nicolae_lair_yak_garden, grunt_megastairs_1
Lair:8:   wormcave, guppyfry_lair_drakes
Shoals:1: st_sunken_huts
Shoals:2: uniq_polyphemus
Shoals:3: st_sunken_temple
Shoals:4: shoals_end_simple, shoals_ilsuiw_ice, uniq_mara
Spider:1: guppyfry_spider_mini_3
Spider:2: uniq_azrael
Spider:3: uniq_kirke, uniq_arachne
Orc:2:    pubby_orc_utopia
Elf:1:    eino_elf_arrival_the_gate, minmay_elf_demonology, minivault_16
Elf:2:    serial_shops, nicolae_shop_statue_plus, shop,
          nicolae_shop_competitors_out_of_business, shop, lemuel_elevator
Elf:3:    elf_hall_gauntlet_wide, serial_shops, nicolae_shop_behind_doors,
          nicolae_elf_big_sculpture_2, basic_stair_grate_trap

Skill      XL: |  1  2  3  4  5  6  7  8  9 10 11 12 13 14 15 16 17 18 |
---------------+-------------------------------------------------------+-----
Spellcasting   | 3 4 5 6 8 9 11 12 13 14 15 17 18 | 18.0
Conjurations   | 2 4 5 6 8 9 10 11 12 13 | 13.9
Stealth        | 3 4 5 6 7 8 |  8.3
Dodging        | 3 4 5 6 7 8 9 |  9.0
Fire Magic     | 4 5 6 7 8 9 10 | 10.6
Fighting       | 1 2 3 |  3.3
Invocations    | 1 2 3 5 6 |  6.1
Short Blades   | 1 2 3 |  3.3
Air Magic      | 3 5 6 8 9 10 11 12 | 12.6
Poison Magic   | 1 |  1.1
Shields        | 1 2 |  2.2
Summonings     | 3 4 5 |  5.3
Evocations     | 1 |  1.5
Translocations | 3 |  3.5
Charms         | 10 11 | 11.1
Bows           | 4 10 12 13 14 | 14.9
Armour         | 1 2 3 |  3.8
Ice Magic      | |  0.4

Action                   |  1- 3 |  4- 6 |  7- 9 | 10-12 | 13-15 | 16-18 || total
-------------------------+-------+-------+-------+-------+-------+-------++-------
Melee: Dagger            |    25 |    62 |    33 |   187 |   266 |   169 ||   742
       Long sword        |       |       |       |       |     3 |       ||     3
       Rapier            |       |       |       |       |       |     3 ||     3
 Fire: Shortbow          |       |       |       |       |   860 |   438 ||  1298
 Cast: Flame Tongue      |    42 |    79 |   136 |   401 |   138 |   188 ||   984
       Throw Flame       |     3 |    27 |    74 |   115 |    98 |   139 ||   456
       Conjure Flame     |       |     2 |     4 |     7 |     2 |     1 ||    16
       Sticky Flame      |       |       |    15 |    60 |    70 |    69 ||   214
       Mephitic Cloud    |       |       |     4 |    75 |   159 |    98 ||   336
       Repel Missiles    |       |       |     1 |       |     2 |       ||     3
       Airstrike         |       |       |       |    30 |    84 |    28 ||   142
       Iskenderun's Myst |       |       |       |     3 |    38 |     8 ||    49
       Summon Lightning  |       |       |       |    33 |   120 |    37 ||   190
       Fireball          |       |       |       |     6 |     7 |    77 ||    90
       Apportation       |       |       |       |     1 |     1 |     1 ||     3
       Blink             |       |       |       |     1 |     1 |     2 ||     4
       Ozocubu's Armour  |       |       |       |       |    15 |       ||    15
       Deflect Missiles  |       |       |       |       |     2 |     7 ||     9
       Iskenderun's Batt |       |       |       |       |     5 |   101 ||   106
       Delayed Fireball  |       |       |       |       |       |     6 ||     6
       Shroud of Golubri |       |       |       |       |       |     8 ||     8
       Regeneration      |       |       |       |       |       |     2 ||     2
Invok: Channel Energy    |       |       |    38 |   273 |   296 |   314 ||   921
       Forget Spell      |       |       |       |       |     2 |       ||     2
 Abil: Release Delayed F |       |       |       |       |       |     5 ||     5
Evoke: Wand              |       |       |     2 |     8 |     2 |    10 ||    22
       Rod               |       |       |       |     2 |       |       ||     2
       Lamp of fire      |       |       |       |     1 |     2 |     3 ||     6
  Use: Scroll            |     1 |    13 |     3 |    12 |    16 |    14 ||    59
       Potion            |       |       |       |     4 |     4 |     9 ||    17
 Stab: Sleeping          |     3 |     3 |     4 |     6 |     8 |     7 ||    31
       Confused          |       |       |     1 |    15 |    21 |    22 ||    59
       Distracted        |       |       |       |     2 |     6 |       ||     8
  Eat: Chunk             |     2 |     9 |    19 |    70 |    88 |    88 ||   276
       Pizza             |       |     1 |       |     1 |       |       ||     2
       Fruit             |       |       |       |     3 |     1 |     1 ||     5
Armor: Robe              |     7 |     9 |    12 |    87 |    60 |       ||   175
       Mottled dragon ar |       |       |       |       |    38 |   164 ||   202
       Leather armour    |       |       |       |       |       |    87 ||    87
Dodge: Dodged            |    15 |    58 |    53 |   171 |   215 |   533 ||  1045
       Deflected         |       |       |       |     1 |    26 |    82 ||   109
Block: Buckler           |       |       |       |    37 |    40 |       ||    77
       Other             |       |       |       |       |    93 |   181 ||   274
       Reflection        |       |       |       |       |    17 |    27 ||    44
